 Dungeon Crawl Stone Soup version 0.17.0-56-gd8de76c (console) character file.

235 Kloppie the Conjurer (level 5, -6/31 HPs)
             Began as a High Elf Conjurer on Dec 6, 2015.
             Mangled by an ogre
             ... wielding a +0 giant club
              (11 damage)
             ... on level 4 of the Dungeon.
             The game lasted 00:04:51 (2953 turns).

Kloppie the Conjurer (High Elf Conjurer)            Turns: 2953, Time: 00:04:51

Health: -6/31      AC:  4    Str:  7    XL:     5   Next: 76%
Magic:  4/21       EV: 14    Int: 20    God:
Gold:   104        SH:  0    Dex: 15    Spells: 3 memorised, 5 levels left

rFire  . . .     SeeInvis .     g - -2 dagger (curse)
rCold  . . .     Clarity  .     A - +1 robe {rN+}
rNeg   + . .     SustAt   .     (no shield)
rPois  .         Gourm    .     (no helmet)
rElec  .         Spirit   .     d - +0 cloak
rCorr  .         Warding  .     (no gloves)
rMut   .         Stasis   .     (no boots)
MR     .....                    (no amulet)
Stlth  ++........               (no ring)
                                k - ring of magical power

@: not resistant to hostile enchantments, unstealthy
A: no striking features
a: no special abilities


You were on level 4 of the Dungeon.
You were not hungry.

You visited 1 branch of the dungeon, and saw 4 of its levels.

You collected 104 gold pieces.

Inventory:

Hand Weapons
 g - a cursed -2 dagger (weapon)
Armour
 d - a +0 cloak (worn)
 v - a +0 buckler
 A - a +1 robe of positive energy (worn)
Jewellery
 k - a ring of magical power (left hand)
Wands
 t - a wand of digging (9)
Scrolls
 l - a scroll of amnesia {unknown}
 o - a scroll of noise {unknown}
 p - a scroll of random uselessness {unknown}
 s - a scroll of fear {unknown}
 u - a scroll of enchant armour {unknown}
 w - a scroll of identify {unknown}
 y - a scroll of remove curse {unknown}
Potions
 a - a potion of ambrosia {unknown}
 e - 2 potions of might {unknown}
 f - a potion of magic {unknown}
 h - a potion of curing {unknown}
 j - a potion of flight {unknown}
 n - a potion of mutation {unknown}
 q - a potion of degeneration {unknown}
 r - a potion of agility {unknown}
Books
 b - a book of Conjurations

   Spells                             Type                      Level
   a - Magic Dart                     Conjuration                  1
   b - Searing Ray                    Conjuration                  2
   c - Dazzling Spray                 Conjuration/Hexes            3
   d - Fulminant Prism                Conjuration/Hexes            4
   e - Iskenderun's Mystic Blast      Conjuration                  4
   f - Iskenderun's Battlesphere      Conjuration/Charms           5
Comestibles
 c - 5 bread rations
 i - 2 meat rations
 m - 3 fruits
 x - a beef jerky
 z - a chunk of flesh


   Skills:
 + Level 3.7 Dodging
 - Level 2.1 Stealth
 - Level 4.0 Spellcasting
 + Level 6.3 Conjurations


You had 5 spell levels left.
You knew the following spells:

 Your Spells              Type           Power        Failure   Level  Hunger
a - Magic Dart            Conj           ####         1%          1    None
b - Searing Ray           Conj           ####..       1%          2    #......
c - Iskenderun's Mystic   Conj           ####....     12%         4    ####...


Dungeon Overview and Level Annotations

Branches:
Dungeon (4/15)
 Temple: D:4-7

Altars:

Annotations:
D:3 Kloppie's ghost, amateur HECj


Message History

The searing ray hits the orc wizard.
You kill the orc wizard!
The searing ray hits the orc.
You kill the orc!
Casting: Searing Ray
Confirm with . or Enter, or press ? or * to list all spells.
Aiming: Searing Ray
Press: ? - help, Shift-Dir - straight line, f - ogre
Aim: an ogre, wielding a giant club The searing ray hits the ogre.
The ogre is lightly wounded.
The orc priest invokes the aid of Beogh against you.
Something smites you!
* * * LOW HITPOINT WARNING * * *
The searing ray hits the ogre.
The ogre is lightly wounded.
The searing ray hits the ogre.
The ogre is heavily wounded.
The ogre hits you with a giant club!
You die...

... #.. .w)
#.# #o# . #)#
..## #O#
....####@# #
........?# .#
##.##..##
###.# #.#...#
##.^.#
#.#[#......#
##..#
##...####...#
##..## #...##
..###..##
##..###
##..##
#.<.<.# #.##


You could see an ogre, a worm and an orc priest.

Vanquished Creatures
  3 orc wizards (D:4)
  A worker ant (D:4)
  4 adders
  A gnoll (D:1)
  2 oozes (D:1)
  2 worms
  7 orcs
  2 bats (D:1)
  8 hobgoblins
  3 kobolds
  A quokka (D:2)
  3 giant cockroaches
  4 giant geckos
  2 giant newts
  5 goblins
  7 rats
55 creatures vanquished.

Notes
Turn   | Place    | Note
--------------------------------------------------------------
     0 | D:1      | Kloppie the High Elf Conjurer began the quest for the Orb.
     0 | D:1      | Reached XP level 1. HP: 11/11 MP: 4/4
   469 | D:1      | Reached XP level 2. HP: 17/17 MP: 0/6
   528 | D:1      | Learned a level 2 spell: Searing Ray
  1008 | D:1      | Reached skill level 5 in Conjurations
  1150 | D:1      | Reached XP level 3. HP: 21/21 MP: 4/8
  1824 | D:2      | Reached XP level 4. HP: 27/27 MP: 8/10
  1846 | D:2      | Learned a level 4 spell: Iskenderun's Mystic Blast
  2619 | D:3      | Noticed Kloppie's ghost (amateur HECj)
  2705 | D:4      | Reached XP level 5. HP: 29/31 MP: 8/12
  2848 | D:4      | Reached skill level 6 in Conjurations
  2945 | D:4      | Noticed an ogre
  2953 | D:4      | Mangled by an ogre

Action                   |  1- 3 |  4- 6 || total
-------------------------+-------+-------++-------
Melee: Unarmed           |     1 |       ||     1
       Dagger            |     6 |     1 ||     7
 Cast: Magic Dart        |    58 |    59 ||   117
       Searing Ray       |       |     4 ||     4
       Iskenderun's Myst |       |     2 ||     2
  Eat: Chunk             |     3 |     3 ||     6
